Map: Ulrena

Players

Hindulaatti - Winner!

  • Race: Terran Terran
  • League: Diamond

Ashstorm

  • Race: Protoss Protoss
  • League: Diamond

VOD

Have the link to the VOD?

Description

Time

  • Played on: Jan. 26, 2016, 3:52 a.m.
  • Length: 7:40
Show
View Real Time Build Order
Export as new Build Order

Hindulaatti Terran - Winner!

Build Orders: Reaper Expand 

Get SALT Encoding   

  12  0:01  SCV  
  13  0:14  SCV  
  13  0:18  Supply Depot  
  14  0:26  SCV  
  15  0:39  SCV  
  15  0:41  Barracks  
  16  0:49  Refinery  
  16  0:51  SCV  
  17  1:03  SCV  
  18  1:16  SCV  
  19  1:29  Command Center  
  19  1:34  Reaper  
  20  1:41  Orbital Command  
  20  1:49  Supply Depot  
  20  2:09  SCV  
  20  2:11  Barracks Reactor  
  21  2:22  SCV, Barracks  
  22  2:34  Factory  
  22  2:35  Refinery  
  22  2:46  SCV  
  23  2:53  Marine x2  
  25  3:01  Orbital Command  
  25  3:02  Barracks  
  25  3:03  SCV  
  25  3:05  Engineering Bay  
  26  3:11  Barracks Tech Lab  
  26  3:12  Marine x2  
  27  3:15  Orbital Command  
  28  3:20  Factory Tech Lab  
  28  3:23  SCV  
  29  3:30  Starport  
  29  3:36  Marine x2  
  31  3:41  SCV  
  31  3:42  SCV  
  33  3:49  Cyclone  
  36  4:07  Marine  
  36  4:08  Bunker, Marine  
  36  4:09  Marine  
  40  4:10  Supply Depot  
  40  4:12  Marauder  
  39  4:18  SCV x2  
  41  4:25  Marine  
  42  4:39  SCV x2  
  42  4:40  Marauder  
  46  4:46  Supply Depot  
  46  5:00  Medivac, Missile Turret, Marine x3  
  46  5:02  Marauder  
  53  5:07  Supply Depot  
  53  5:09  SCV  
  53  5:10  Supply Depot  
  54  5:19  Stimpack, Barracks Reactor  
  54  5:20  SCV  
  54  5:21  SCV  
  56  5:22  Marine  
  57  5:32  Starport Reactor, SCV  
  57  5:33  SCV  
  57  5:34  Marine  
  57  5:35  Marauder  
  62  5:40  Marine  
  63  5:43  Terran Infantry Weapons Level 1  
  63  5:44  SCV  
  63  5:45  Refinery, SCV  
  65  5:50  Widow Mine  
  65  5:52  Marine  
  65  5:56  Marine, SCV  
  70  5:58  Marine  
  70  6:00  Starport  
  71  6:05  SCV  
  71  6:08  SCV  
  71  6:11  Refinery  
  73  6:14  Marauder, Marine x3  
  77  6:33  Viking  
  78  6:40  SCV  
  78  6:43  SCV  
  78  6:46  Cyclone  
  78  6:51  Viking  
  78  7:00  Marine  
  78  7:03  Marine  
  78  7:08  Marine  
  78  7:15  Marine x2  
  78  7:18  Marine  
Show
View Real Time Build Order
Export as new Build Order

Ashstorm Protoss 

Build Orders: 1 Gate Expand 

Get SALT Encoding   

  12  0:00  Probe (Chrono Boost)  
  13  0:11  Probe (Chrono Boost)  
  14  0:17  Pylon  
  14  0:22  Probe (Chrono Boost)  
  15  0:36  Probe (Chrono Boost)  
  16  0:43  Gateway  
  16  0:46  Probe (Chrono Boost)  
  17  0:52  Assimilator  
  18  0:57  Probe (Chrono Boost)  
  18  1:07  Probe (Chrono Boost)  
  19  1:19  Probe (Chrono Boost)  
  20  1:25  Nexus  
  20  1:29  Probe (Chrono Boost)  
  21  1:39  Cybernetics Core  
  21  1:41  Probe (Chrono Boost)  
  22  1:49  Pylon  
  22  1:52  Probe (Chrono Boost)  
  23  1:57  Assimilator  
  23  2:07  Probe (Chrono Boost)  
  24  2:17  Stargate  
  24  2:18  Probe (Chrono Boost)  
  25  2:24  Adept (Chrono Boost)  
  25  2:28  Probe  
  28  2:41  Mothership Core  
  29  2:47  Probe  
  28  2:58  Probe  
  27  3:02  Probe (Chrono Boost)  
  29  3:10  Probe (Chrono Boost)  
  30  3:14  Probe (Chrono Boost)  
  31  3:21  Probe (Chrono Boost)  
  31  3:24  Probe (Chrono Boost)  
  33  3:31  Probe (Chrono Boost)  
  34  3:39  Fleet Beacon  
  34  3:41  Probe (Chrono Boost)  
  35  3:42  Probe (Chrono Boost)  
  36  3:51  Probe (Chrono Boost)  
  36  3:52  Probe (Chrono Boost)  
  38  3:56  Pylon  
  38  4:00  Assimilator  
  38  4:02  Probe (Chrono Boost)  
  39  4:03  Probe (Chrono Boost)  
  40  4:12  Probe (Chrono Boost)  
  40  4:13  Probe (Chrono Boost)  
  42  4:23  Probe (Chrono Boost)  
  44  4:24  Probe (Chrono Boost)  
  44  4:33  Probe (Chrono Boost)  
  44  4:34  Probe (Chrono Boost)  
  46  4:40  Tempest (Chrono Boost)  
  46  4:41  Nexus  
  46  4:44  Probe x2 (Chrono Boost)  
  52  4:53  Robotics Facility  
  52  4:54  Probe  
  52  4:55  Probe  
  54  5:00  Pylon  
  54  5:06  Assimilator  
  54  5:12  Gateway  
  54  5:14  Pylon  
  54  5:17  Probe  
  54  5:18  Adept, Probe  
  54  5:20  Tempest (Chrono Boost)  
  58  5:26  Pylon  
  62  5:36  Probe  
  62  5:37  Probe  
  64  5:43  Forge, Observer (Chrono Boost)  
  64  5:45  Adept  
  64  5:48  Probe  
  68  6:01  Tempest  
  68  6:02  Observer (Chrono Boost)  
  69  6:09  Adept  
  75  6:12  Adept  
  75  6:13  Twilight Council  
  75  6:14  Pylon  
  77  6:21  Observer (Chrono Boost)  
  78  6:35  Probe  
  78  6:36  Adept, Probe x2  
  78  6:39  Adept  
  78  6:48  Probe  
  76  6:56  Tempest, Immortal (Chrono Boost)  
  82  7:04  Adept  
  82  7:06  Probe  
  82  7:08  Adept, Probe  
  81  7:27  Pylon x2  
  81  7:28  Pylon  
Tags
 
Add a new tag
Caveats
  • Supply blocks, unpowered buildings, or Contaminate may cause inaccurate times.
  • Supply counts are checked every 10 seconds.